 Dungeon Crawl Stone Soup version 0.19.1-1-g22dce08 (webtiles) character file.

1176 Mesmaeker13 the Skirmisher (level 8, -2/64 HPs)
             Began as a Demonspawn Fighter on Jan 3, 2017.
             Was an Initiate of Qazlal.
             Slain by an ogre
             ... wielding a +0 giant club
              (20 damage)
             ... on level 6 of the Dungeon.
             The game lasted 00:12:31 (5477 turns).

Mesmaeker13 the Skirmisher (Demonspawn Fighter)     Turns: 5477, Time: 00:12:32

Health: -2/64      AC:  8    Str: 18    XL:     8   Next: 18%
Magic:  0/8        EV: 10    Int: 10    God:    Qazlal [......]
Gold:   233        SH: 11    Dex: 13    Spells: 0 memorised, 7 levels left

rFire  x . .     SeeInvis +     a - +1 long sword
rCold  + + .     Gourm    .     b - +0 scale mail
rNeg   . . .     Faith    .     c - +1 shield
rPois  .         Spirit   +     m - +0 helmet
rElec  .         Reflect  .     (no cloak)
rCorr  .         Harm     .     (no gloves)
MR     .....                    (no boots)
Stlth  ..........               F - amulet of regeneration
                                n - ring of see invisible
                                E - ring of ice

@: lethally poisoned (-2 -> -2)
A: claws 1, repulsion field 2, cold resistance 1, magic shield, freezing cloud
immunity
a: Renounce Religion


You were on level 6 of the Dungeon.
You worshipped Qazlal.
Qazlal was noncommittal.
You were not hungry.

You visited 2 branches of the dungeon, and saw 8 of its levels.

You collected 233 gold pieces.

Inventory:

Hand Weapons
 a - a +1 long sword (weapon)
 d - the +3 spear of Fedhas's Envy {venom, Int+3}
   (You found it on level 6 of the Dungeon)

   It poisons the flesh of those it strikes.
   It affects your intelligence (+3).
 q - a +0 dagger of venom
 C - the +12 hunting sling "Fays" {speed, rC+, unknown}
   (You found it on level 5 of the Dungeon)

   Attacks with this weapon are significantly faster.
   It protects you from cold.
Missiles
 y - 8 javelins (quivered)
 B - 16 poisoned needles
Armour
 b - a +0 scale mail (worn)
 c - a +1 shield (worn)
 m - a +0 helmet (worn)
 D - a +0 leather armour
Jewellery
 n - a ring of see invisible (right claw)
 E - a ring of ice (left claw)
 F - an amulet of regeneration (around neck)
 P - an uncursed ring of wizardry
Wands
 k - a wand of slowing (14/48)
 o - a wand of teleportation (4/9)
 w - a wand of confusion (0/48)
Scrolls
 h - a scroll of amnesia
 j - 3 scrolls of teleportation
 u - 2 scrolls of enchant armour
 v - a scroll of fog
 x - 5 scrolls of remove curse
 I - a scroll of magic mapping
 J - a scroll of identify
 L - a scroll of blinking
Potions
 e - a potion of flight
 l - a potion of heal wounds
 r - a potion of agility
 s - a potion of mutation {unknown}
 t - a potion of magic
 A - a potion of lignification {unknown}
 G - a potion of ambrosia {unknown}
 K - 2 potions of curing
 M - a potion of haste {unknown}
Books
 i - a book of Minor Magic

   Spells                             Type                      Level
   a - Magic Dart                     Conjuration                  1
   b - Blink                          Translocation                2
   c - Call Imp                       Summoning                    2
   d - Repel Missiles                 Charms/Air                   2
   e - Slow                           Hexes                        2
   f - Conjure Flame                  Conjuration/Fire             3
   g - Mephitic Cloud                 Conjuration/Poison/Air       3
 H - a book of Changes

   Spells                             Type                      Level
   a - Beastly Appendage              Transmutation                1
   b - Sticks to Snakes               Transmutation                2
   c - Spider Form                    Transmutation/Poison         3
   d - Ice Form                       Ice/Transmutation            4
   e - Blade Hands                    Transmutation                5
 N - a book of Flames

   Spells                             Type                      Level
   a - Flame Tongue                   Conjuration/Fire             1
   b - Throw Flame                    Conjuration/Fire             2
   c - Conjure Flame                  Conjuration/Fire             3
   d - Inner Flame                    Hexes/Fire                   3
   e - Sticky Flame                   Conjuration/Fire             4
   f - Fireball                       Conjuration/Fire             5
Comestibles
 f - 9 bread rations
 g - 2 fruits
 p - 2 meat rations
 z - a royal jelly
 O - 4 chunks of flesh


   Skills:
 + Level 5.7 Fighting
 + Level 4.7 Long Blades
 + Level 5.2 Armour
 + Level 5.1 Shields


You had 7 spell levels left.
You didn't know any spells.

Dungeon Overview and Level Annotations

Branches:
Dungeon (7/15)             Temple (1/1) D:5

Altars:
Ashenzari
Cheibriados
Dithmenos
Elyvilon
Fedhas
Gozag
Hepliaklqana
Kikubaaqudgha
Makhleb
Nemelex Xobeh
Okawaru
Qazlal
Ru
Sif Muna
Trog
Uskayaw
Vehumet
Xom
Yredelemnul
Zin
The Shining One

Annotations:
D:6 Paps's ghost, amateur DsHu


Innate Abilities, Weirdness & Mutations

You have sharp fingernails.
You are surrounded by a moderate repulsion field. (EV +3)
Your flesh is cold resistant. (rC+)
When hurt, damage is shared between your health and your magic reserves.
You are immune to freezing clouds.


Message History

Press: ? - help, Shift-Dir - straight line, f/p - ogre
Aim: an ogre, wielding a giant club (heavily wounded, chance to defeat MR: 51%)
The ogre resists with significant effort.
Evoking this partially-identified wand wasted a few charges.
The ogre hits you with a giant club!
* * * LOW HITPOINT WARNING * * *
You feel sick.
There is a stone staircase leading down here.
You feel sick.
You feel much better. The ogre hits you with a giant club!!
* * * LOW HITPOINT WARNING * * *
You feel sick.
Evoke which item? (* to show all) (? for menu, Esc to quit)
Zapping:
k - a wand of slowing {zapped: 10} (will waste charges)
Press: ? - help, Shift-Dir - straight line, f/p - ogre
Aim: an ogre, wielding a giant club (heavily wounded, chance to defeat MR: 51%)
The ogre resists with significant effort.
Evoking this partially-identified wand wasted a few charges.
The ogre hits you with a giant club!!
You die...

##...##........##.#
##.....###########.#
#.......## ##.###.#
.........####...##.#
.........'5......#.#
.........####.>....#
#.......## ##.#a###
.......## ###O#
#.#...## #@# #.##'##
#.# #. #†# #.# #.
#.# #.# #5# #.# ...
#.# ... #.# ... #.#
##.##


You could see an ogre and a worker ant.

Vanquished Creatures
  Sigmund (D:3)
  An ogre (D:7)
  Blork the orc (D:4)
  2 scorpions (D:7)
  A howler monkey (D:5)
  2 centaur skeletons (D:4)
  7 hounds
  2 iguanas
  An orc wizard (D:4)
  7 worker ants
  3 hound skeletons
  Robin (D:4)
  6 adders
  A shadow imp (D:6)
  3 adder skeletons
  3 worms
  2 dart slugs (D:1)
  5 leopard geckos
  9 orcs
  A ball python (D:4)
  3 giant cockroaches
  12 goblins
  9 hobgoblins
  8 jackals
  5 kobolds
  2 quokkas (D:4)
  6 bats
  8 frilled lizards
  6 rats
118 creatures vanquished.

Notes
Turn   | Place    | Note
-------+----------+-------------------------------------------
     0 | D:1      | Mesmaeker13 the Demonspawn Fighter began the quest for the Orb.
     0 | D:1      | Reached XP level 1. HP: 18/18 MP: 1/1
    62 | D:1      | Gained mutation: You are surrounded by a mild repulsion field. (EV +2) [demonic ancestry]
    62 | D:1      | Reached XP level 2. HP: 13/24 MP: 2/2
   317 | D:1      | Gained mutation: You are surrounded by a moderate repulsion field. (EV +3) [demonic ancestry]
   317 | D:1      | Reached XP level 3. HP: 26/29 MP: 3/3
   417 | D:2      | Found a glowing golden altar of the Shining One.
  1235 | D:2      | Gained mutation: When hurt, damage is shared between your health and your magic reserves. [demonic ancestry]
  1235 | D:2      | Reached XP level 4. HP: 27/35 MP: 4/4
  1407 | D:3      | Noticed Sigmund
  1413 | D:3      | Killed Sigmund
  1413 | D:3      | Gained mutation: Your flesh is cold resistant. (rC+) [demonic ancestry]
  1413 | D:3      | Reached XP level 5. HP: 42/42 MP: 5/5
  1906 | D:4      | Gained mutation: You are immune to freezing clouds. [demonic ancestry]
  1906 | D:4      | Reached XP level 6. HP: 48/48 MP: 6/6
  2260 | D:4      | Noticed Robin
  2306 | D:4      | Noticed an orc warrior
  2424 | D:5      | Entered Level 5 of the Dungeon
  2526 | D:5      | Got a slimy hunting sling
  2760 | D:5      | Found a staircase to the Ecumenical Temple.
  2766 | Temple   | Entered the Ecumenical Temple
  2792 | Temple   | Became a worshipper of Qazlal Stormbringer
  3451 | D:5      | Reached XP level 7. HP: 51/55 MP: 5/7
  3561 | D:4      | Killed Robin
  3561 | D:4      | Reached skill level 5 in Fighting
  3725 | D:4      | Noticed Blork the orc
  3756 | D:4      | Killed Blork the orc
  4412 | D:6      | Got an ichor-stained spear
  4413 | D:6      | Identified the +3 spear of Fedhas's Envy {venom, Int+3} (You found it on level 6 of the Dungeon)
  4420 | D:6      | Noticed Paps's ghost (amateur DsHu)
  4940 | D:7      | Reached * piety under Qazlal
  4940 | D:7      | Reached skill level 5 in Shields
  5095 | D:7      | Reached skill level 5 in Armour
  5095 | D:7      | Gained mutation: You have sharp fingernails. [demonic ancestry]
  5095 | D:7      | Reached XP level 8. HP: 56/63 MP: 6/8
  5477 | D:6      | Slain by an ogre

Skill      XL: |  1  2  3  4  5  6  7 |
---------------+----------------------+-----
Long Blades    | 2 3 4 |  4.7
Shields        | 3 4 5 |  5.1
Armour         | 3 4 5 |  5.2
Fighting       | 4 5 |  5.7

Action                   |  1- 3 |  4- 6 |  7- 9 || total
-------------------------+-------+-------+-------++-------
Melee: Long sword        |   122 |   212 |   185 ||   519
       Dagger            |       |       |     3 ||     3
Evoke: Wand              |       |     5 |     4 ||     9
  Use: Potion            |       |     1 |     3 ||     4
       Scroll            |       |     8 |     9 ||    17
 Stab: Confused          |       |     1 |       ||     1
  Eat: Chunk             |       |     9 |     7 ||    16
Armor: Scale mail        |    49 |    71 |    55 ||   175
Dodge: Dodged            |    51 |    86 |    80 ||   217
Block: Shield            |    73 |   121 |    97 ||   291
       Rpst.: Long sword |    14 |    31 |    21 ||    66
